AoeStats
← Moroncin

MegaRandom

509610869Analyzed
3v3 RM · 6d ago on Sep 27, 2026· 68m 41s· 6 players
Game mode
Random Map
Map size
Normal (6 player)
Population
200
Speed
Normal
Resources
Standard
Victory
Conquest
Starting age
Dark Age
Ending age
Imperial Age
RankedLock teamsTeams togetherTeam positionsShared explorationLock speedFull tech treeHidden civsTurbo modeCheats
Victory
Defeat
🇨🇳 Cumans · China
762
+12
🇨🇳 Persians · China
702
+14
🇨🇳 Byzantines · China
694
+14
🇦🇺 Danes · Australia
678
-14
659
-13
🇪🇸 Franks · Spain
645
-13
RAGEING CORPSE
0:37 Loom
13:11 Feudal Age
14:54 Wheelbarrow
14:21 Double-Bit Axe
21:24 Castle Age
23:47 Pikeman
32:27 Bow Saw
32:18 Horse Collar
34:46 Caravan
35:50 Hand Cart
35:47 Gold Mining
36:01 Stone Mining
45:57 Imperial Age
47:07 Man-at-Arms
48:00 Long Swordsman
48:33 Capped Ram
49:42 Elite Skirmisher
53:02 Halberdier
汉东省太想进步厅长
0:51 Loom
13:22 Feudal Age
19:16 Castle Age
17:10 Double-Bit Axe
Moroncin
0:57 Loom
13:08 Feudal Age
14:51 Wheelbarrow
14:34 Double-Bit Axe
15:55 Arson
24:38 Castle Age
23:11 Gold Mining
23:14 Stone Mining
26:37 Husbandry
26:50 Bow Saw
27:18 Gold Shaft Mining
26:06 Pikeman
26:47 Squires
27:04 Scale Barding Armor
26:59 Scale Mail Armor
27:10 Forging
29:11 Hand Cart
34:37 Fletching
39:31 Caravan
43:09 Imperial Age
43:42 Cavalier
43:56 Halberdier
47:02 Paladin
2645982503
13:18 Feudal Age
14:50 Double-Bit Axe
17:08 Castle Age
15:58 Horse Collar
18:55 Bow Saw
24:30 Heavy Plow
29:09 Gold Mining
29:11 Stone Mining
29:26 Crossbowman
31:36 Stone Shaft Mining
37:39 Imperial Age
35:47 Wheelbarrow
34:57 Loom
36:34 Hand Cart
36:32 Kamandaran
37:42 Forging
37:46 Thumb Ring
42:21 Iron Casting
41:47 Scale Mail Armor
41:10 Pikeman
41:51 Squires
41:18 Light Cavalry
42:09 Bloodlines
42:27 Conscription
42:44 Crop Rotation
42:55 Citadels
44:17 Chemistry
43:22 Padded Archer Armor
43:13 Fletching
49:52 Halberdier
50:11 Hussar
54:09 Blast Furnace
53:04 Bodkin Arrow
53:25 Leather Archer Armor
53:26 Chain Mail Armor
53:17 Scale Barding Armor
55:32 Ballistics
69:49 Two-Man Saw
涂山红红
0:28 Loom
12:19 Feudal Age
13:41 Loom
16:57 Castle Age
15:12 Double-Bit Axe
21:13 Bow Saw
20:50 Horse Collar
22:46 Wheelbarrow
28:05 Hand Cart
28:26 Gold Mining
29:56 Heavy Plow
32:02 Gold Shaft Mining
31:21 Stone Mining
35:31 Imperial Age
34:09 Husbandry
34:25 Forging
34:21 Scale Barding Armor
35:49 Iron Casting
36:29 Stone Shaft Mining
37:08 Chain Barding Armor
38:53 Plate Barding Armor
39:47 Crop Rotation
40:21 Two-Man Saw
39:25 Treadmill Crane
40:15 Elite Cataphract
41:16 Conscription
41:07 Logistica
65:40 Spies/Treason
有缘再见
7:58 Loom
10:22 Feudal Age
18:08 Bloodlines
26:23 Castle Age
24:40 Double-Bit Axe
25:47 Fletching
26:32 Gold Mining
26:26 Horse Collar
27:14 Bow Saw
30:27 Gold Shaft Mining
34:01 Bodkin Arrow
37:54 Imperial Age
36:31 Wheelbarrow
39:44 Elite Kipchak
41:19 Light Cavalry
42:45 Conscription
44:16 Hussar
46:40 Two-Man Saw
47:41 Stone Mining
56:02 Hand Cart
56:32 Padded Archer Armor
56:58 Scale Barding Armor
57:47 Forging
60:51 Chain Barding Armor
61:07 Iron Casting
62:18 Plate Barding Armor
63:42 Steppe Husbandry
65:12 Blast Furnace
64:31 Leather Archer Armor
66:26 Ballistics
67:07 Chemistry
Connection lost

Rejoining the realm…

Still unreachable

The connection could not be restored.

Session expired

The server has moved on; the page needs a fresh start.